AoeStats
← KalasKula

African Clearing

510357217Analyzed
4v4 RM · 2d ago on Sep 30, 2026· 45m 15s· 8 players
Game mode
Random Map
Map size
Large (8 player)
Population
200
Speed
Normal
Resources
Standard
Victory
Conquest
Starting age
Dark Age
Ending age
Imperial Age
RankedLock teamsTeams togetherTeam positionsShared explorationLock speedFull tech treeHidden civsTurbo modeCheats
Victory
Defeat
🇵🇱 Mongols · Poland
1381
+16
🇩🇪 Varangians · Germany
1371
+17
🇨🇭 Huns · Switzerland
1365
+17
🇪🇸 Inca · Spain
1321
+19
🇸🇪 Vietnamese · Sweden
1488
-22
🇸🇪 Varangians · Sweden
1458
-20
🇨🇳 Danes · China
1347
-16
🇸🇪 Persians · Sweden
1234
-11
ChnebelSchnägg
3:53 Loom
12:19 Feudal Age
12:59 Double-Bit Axe
14:42 Fletching
18:36 Padded Archer Armor
21:18 Castle Age
21:38 Crossbowman
26:03 Horse Collar
28:24 Wheelbarrow
29:35 Husbandry
30:43 Town Watch
32:19 Heavy Plow
32:45 Bloodlines
35:18 Hand Cart
35:07 Gold Mining
35:33 Scale Barding Armor
39:01 Imperial Age
36:52 Scale Barding Armor
37:19 Forging
38:14 Chain Barding Armor
38:50 Bow Saw
39:26 Marauders
40:17 Iron Casting
40:06 Conscription
39:54 Elite Tarkan
43:00 Plate Barding Armor
43:08 Bodkin Arrow
45:18 Blast Furnace
Dawidowww
7:23 Loom
13:07 Feudal Age
13:52 Double-Bit Axe
14:06 Gold Mining
16:44 Castle Age
16:25 Loom
16:59 Fletching
17:40 Bodkin Arrow
20:02 Horse Collar
22:15 Ballistics
23:41 Padded Archer Armor
26:03 Wheelbarrow
27:45 Heavy Plow
28:05 Leather Archer Armor
29:37 Hand Cart
30:18 Bloodlines
31:01 Husbandry
37:26 Imperial Age
35:24 Scale Barding Armor
35:30 Forging
36:34 Chain Barding Armor
39:22 Iron Casting
38:15 Elite Steppe Lancer
41:04 Blast Furnace
42:45 Gold Shaft Mining
42:01 Stone Mining
43:44 Conscription
44:54 Chemistry
44:05 Masonry
44:01 Siege Engineers
45:21 Coinage
45:52 Caravan
Pr3dator
10:59 Loom
14:02 Feudal Age
14:35 Double-Bit Axe
15:18 Horse Collar
20:49 Castle Age
19:24 Stone Mining
19:49 Gold Mining
22:17 Bow Saw
22:33 Heavy Plow
25:23 Town Watch
27:25 Fletching
29:33 Wheelbarrow
29:39 Scale Barding Armor
30:45 Forging
31:19 Husbandry
32:20 Bloodlines
33:06 Iron Casting
35:17 Chain Barding Armor
35:33 Hand Cart
37:19 Stone Shaft Mining
40:07 Imperial Age
38:33 Town Patrol
40:12 Murder Holes
41:19 Conscription
42:13 Blast Furnace
41:49 Plate Barding Armor
41:56 Masonry
42:30 Bodkin Arrow
42:57 Ballistics
43:10 Architecture
43:40 Elite Jarl
M.Gallego
3:37 Loom
12:51 Feudal Age
16:01 Double-Bit Axe
20:54 Castle Age
Creweer
8:29 Loom
10:35 Loom
12:58 Feudal Age
13:03 Man-at-Arms
14:34 Scale Mail Armor
17:43 Castle Age
15:48 Double-Bit Axe
16:30 Arson
17:31 Forging
24:18 Horse Collar
28:56 Fletching
28:49 Elite Skirmisher
29:56 Padded Archer Armor
30:54 Bodkin Arrow
32:19 Ballistics
32:37 Heavy Plow
36:03 Gold Mining
38:07 Bow Saw
44:57 Imperial Age
43:40 Chain Mail Armor
43:12 Pikeman
43:53 Squires
45:20 Iron Casting
LilleSkutt
4:26 Loom
14:00 Feudal Age
14:36 Double-Bit Axe
22:15 Castle Age
20:42 Stone Mining
21:43 Bloodlines
21:58 Forging
23:37 Husbandry
26:33 Bow Saw
29:11 Stone Shaft Mining
28:27 Gold Mining
28:53 Town Watch
30:02 Horse Collar
38:27 Scale Barding Armor
41:22 Chain Barding Armor
不会进攻
4:04 Loom
5:05 Loom
5:36 Loom
6:05 Loom
6:25 Loom
15:00 Feudal Age
15:39 Double-Bit Axe
20:30 Castle Age
18:22 Fishing Lines
19:05 Gold Mining
21:41 Bow Saw
23:37 Wheelbarrow
29:30 Hand Cart
30:28 Squires
30:59 Gillnets
31:31 Scale Mail Armor
31:42 Forging
32:44 Chain Mail Armor
34:06 Gambesons
38:04 Imperial Age
38:07 Iron Casting
37:23 Fletching
37:34 Horse Collar
38:01 Arson
39:11 Conscription
38:14 Hamask
39:47 Elite Varangian Guard
41:25 Plate Mail Armor
42:40 Blast Furnace
42:19 Hoardings
42:00 Pikeman
43:41 Halberdier
KalasKula
6:42 Loom
13:44 Feudal Age
17:48 Castle Age
21:44 Double-Bit Axe
35:53 Double-Bit Axe
36:35 Double-Bit Axe
41:15 Horse Collar
44:29 Wheelbarrow
45:25 Heavy Plow
45:36 Bow Saw
Connection lost

Rejoining the realm…

Still unreachable

The connection could not be restored.

Session expired

The server has moved on; the page needs a fresh start.